 Dungeon Crawl Stone Soup version 0.28-a0-1213-g0243856f03 (webtiles) character file.

Game seed: 13437734019198034521

2814 flotson the Skirmisher (level 9, -2/63 HPs)
             Began as a Demonspawn Gladiator on Dec 22, 2021.
             Was a Plaything of Xom.
             Slain by Harold (20 damage)
             ... on level 8 of the Dungeon.
             The game lasted 00:14:33 (9388 turns).

flotson the Skirmisher (Demonspawn Gladiator)       Turns: 9388, Time: 00:14:36

Health: -2/63      AC: 12    Str: 14    XL:     9   Next: 44%
Magic:  9/9        EV: 12    Int:  6    God:    Xom [*.....]
Gold:   423        SH:  0    Dex: 11    Spells: 8/8 levels left

rFire   . . .      SeeInvis .   A - +0 whip (distort)
rCold   . . .      Faith    .   (no shield)
rNeg    . . .      Spirit   .   g - +0 ring mail
rPois   +          Reflect  .   c - +0 helmet
rElec   .          Harm     .   M - +0 cloak {rPois}
rCorr   +          Rampage  .   (no gloves)
Will    .....                   (no boots)
Stlth   +.........              t - amulet of the acrobat
HPRegen 0.20/turn               H - ring of resist corrosion
MPRegen 0.11/turn               (no ring)

@: sanguine armoured, invisible (expiring), unable to read
A: foul stench 1, sanguine armour 1, weakness stinger 2, clumsy 2, deformed
body, deterioration 1, dopey 2, frail 1, screaming 1, weak 2, inability to read
while threatened
a: Renounce Religion


You were on level 8 of the Dungeon.
You worshipped Xom.
You were a special plaything of Xom.
You visited 1 branch of the dungeon, and saw 8 of its levels.
You also visited: Sewer.

You collected 423 gold pieces.

Inventory:

Hand Weapons
 a - a +0 war axe
 m - a +4 quarterstaff of chaos
 A - a +0 whip of distortion (weapon)
 E - a +0 halberd of chaos
 N - the +5 hand axe "Vyudew" {vorpal, rPois rCorr Dex+4}
   (You found it on level 7 of the Dungeon)

   It inflicts extra damage upon your enemies.
   Dex:       It affects your dexterity (+4).
   rPois:     It protects you from poison.
   rCorr:     It protects you from acid and corrosion.
Missiles
 d - 2 throwing nets (quivered)
 j - 5 boomerangs
 y - 12 poisoned darts
 L - 3 boomerangs of dispersal
 O - 2 silver boomerangs
Armour
 c - a +0 helmet (worn)
 g - a +0 ring mail (worn)
 M - a +0 cloak of poison resistance (worn)
Jewellery
 t - an amulet of the acrobat (around neck)
 H - a ring of resist corrosion (left hand)
Wands
 G - a wand of flame (29)
Scrolls
 b - a scroll of torment {unknown}
 h - 6 scrolls of fog {unknown}
 i - 6 scrolls of identify {unknown}
 n - a scroll of enchant armour {unknown}
 p - 3 scrolls of teleportation {unknown}
 s - 6 scrolls of fear
 u - a scroll of vulnerability {unknown}
 x - 2 scrolls of amnesia {unknown}
 z - a scroll of noise {unknown}
 B - 2 scrolls of summoning
 C - a scroll of acquirement {unknown}
 D - 3 scrolls of enchant weapon {unknown}
 K - a scroll of brand weapon {unknown}
Potions
 e - 3 potions of lignification {unknown}
 f - a potion of cancellation {unknown}
 l - a potion of haste {unknown}
 o - 7 potions of flight
 q - a potion of ambrosia {unknown}
 r - 3 potions of curing {unknown}
 v - 3 potions of brilliance {unknown}
 w - 3 potions of heal wounds {unknown}
 F - a potion of magic {unknown}
 J - a potion of attraction {unknown}


   Skills:
 + Level 6.4 Fighting
 - Level 2.6(2.7) Axes
 + Level 0.4(1.7) Maces & Flails
 + Level 5.8 Throwing
 + Level 5.4 Armour
 + Level 6.2 Dodging
 + Level 4.1 Evocations


You had 8 spell levels left.
You didn't know any spells.
Your spell library contained the following spells:

 Spells                   Type           Power      Damage    Failure   Level
 Ozocubu's Armour         Ice            0%         N/A       96%         3
 Iskenderun's Battlesphe  Conj           0%         2d6       100%        5
 Iron Shot                Conj/Erth      0%         9d1       100%        6
 Ozocubu's Refrigeration  Ice            0%         4d5       100%        7
 Spellforged Servitor     Conj/Summ      0%         N/A       100%        7


Dungeon Overview and Level Annotations

Branches:
Dungeon (8/15)             Temple (0/1) D:7           Sewer (visited)
   Lair: D:8-11

Altars:
Ashenzari
Cheibriados
Elyvilon
Fedhas
Makhleb
Nemelex Xobeh
Okawaru
Qazlal
Ru
Uskayaw
Xom
Lugonu

Shops:
D:3 (

Portals:
Abyss: D:3

Annotations:
D:8 exclusion: ice statue, Harold


Innate Abilities, Weirdness & Mutations

You may rarely emit foul miasma when damaged in melee.
When seriously injured, your blood forms armour. (AC +6)
You have a tail ending in a sharp stinger.
You are very clumsy. (Dex -4)
Armour fits poorly on your strangely shaped body.
Your body sometimes deteriorates upon taking damage.
You are very dopey. (Int -4)
You are frail. (-10% HP)
You occasionally shout uncontrollably at your foes.
You are very weak. (Str -4)
You sometimes lose the ability to read scrolls when taking damage.


Message History

The acid dragon struggles against the net.
Harold points at you and mumbles some strange words.
The acid dragon is unaffected.
The orc hits you but does no damage.
The acid dragon roars!
You barely miss the orc.
The acid dragon roars!
The acid dragon struggles against the net.
The net rips apart, and the acid dragon comes free!
The orc closely misses you.
You hit the orc.
Space warps horribly around the orc!
You kill the orc!
You flicker for a moment.
You can read scrolls again.
You barely miss the acid dragon. You tail-slap the acid dragon.
The acid dragon is almost dead.
The acid dragon bites you.
The acid dragon claws you but does no damage.
You barely miss the acid dragon.
The acid dragon is almost dead.
The acid dragon barely misses you. The acid dragon misses you.
You catch the helpless acid dragon completely off-guard!
You hit the acid dragon but do no damage.
The acid dragon is almost dead.
The acid dragon blinks!
The killer bee zombie closely misses you.
The acid dragon spits acid at you. The splash of acid misses you.
You hit Harold but do no damage.
Space warps horribly around Harold!!
Harold is heavily wounded.
The howler monkey hoots and howls with incredible vigour!
Harold misses you.
You hear a shout! x4
You hit Harold but do no damage.
Space warps around Harold.
Harold is heavily wounded.
The howler monkey hits you.
* * * LOW HITPOINT WARNING * * *
Harold hits you with a +1 dire flail of holy wrath!!
You feel threatened and lose the ability to read scrolls!
You die...
Xom is highly amused!

#........... #...........
........... ..(.......
.@....... #h....... #.Zh....>
#.##########################
#..........h@..............##
#.........Z@.D..............#
##########.........########.#
###.....### ##.#
##...##########..# #...#
..........# ##.## ..........#
#)# ..........# #8
..........#


You could see Harold, an acid dragon (catching breath), a howler monkey
(catching breath) and a killer bee zombie.

Vanquished Creatures
  Eustachio (D:5)
  A water moccasin (D:7)
  2 ice beasts
  2 sky beasts (D:6)
  A necrophage (D:2)
  3 ogres
  3 centaurs
  A phantom (D:7)
  Blork the orc (D:4)
  3 bullfrogs
  A wyvern zombie (D:7)
  3 scorpions
  A water moccasin skeleton (D:5)
  A howler monkey (D:5)
  3 wights (D:6)
  3 jellies
  A centaur skeleton (D:7)
  A gnoll shaman (D:3)
  2 orc priests (D:7)
  A hound (D:6)
  Crazy Yiuf (D:2)
  2 orc wizards
  Robin (D:4)
  10 gnolls
  6 adders
  A shadow imp (D:5)
  A white imp (D:6)
  An ufetubus (D:5)
  2 adder skeletons (D:4)
  3 worms (Sewer)
  15 orcs
  8 ball pythons
  10 bats
  12 endoplasms
  10 giant cockroaches
  11 hobgoblins
  9 jackals
  7 kobolds
  7 quokkas
  4 frilled lizards
  16 goblins
  6 rats
  A lurking horror (D:3)
179 creatures vanquished.

Vanquished Creatures (others)
  Sigmund (D:5)
  A fungus (D:2)
  A lurking horror (D:3)
3 creatures vanquished.

Grand Total: 182 creatures vanquished

Notes
Turn   | Place    | Note
-------+----------+-------------------------------------------
     0 | D:1      | flotson the Demonspawn Gladiator began the quest for the
                  | Orb.
     0 | D:1      | Reached XP level 1. HP: 16/16 MP: 1/1
   297 | D:1      | Gained mutation: You have a small tail. [demonic ancestry]
   297 | D:1      | Reached XP level 2. HP: 15/22 MP: 2/2
  1048 | D:2      | Reached skill level 1 in Armour
  1069 | D:2      | Reached XP level 3. HP: 21/28 MP: 3/3
  1165 | D:2      | You fall into a shaft and drop 1 floor!
  1165 | D:3      | Found a corrupted altar of Lugonu.
  1360 | D:2      | Found a faded altar of an unknown god.
  1772 | D:2      | Found a runed translucent door.
  1773 | D:2      | Noticed Crazy Yiuf
  1782 | D:2      | Killed Crazy Yiuf
  1783 | D:2      | Gained mutation: When seriously injured, your blood forms
                  | armour. (AC +6) [demonic ancestry]
  1783 | D:2      | Reached XP level 4. HP: 34/34 MP: 4/4
  1813 | D:3      | Noticed a necrophage
  1835 | D:2      | Killed a necrophage
  1836 | D:2      | Reached XP level 5. HP: 2/41 MP: 5/5
  2609 | D:3      | Found Vutsobau's Antique Weapon Emporium.
  2762 | D:3      | Found a one-way gate to the infinite horrors of the Abyss.
  3018 | D:3      | Found a shimmering altar of Xom.
  3018 | D:3      | Found a snail-covered altar of Cheibriados.
  3255 | D:4      | Noticed Blork the orc
  3399 | D:4      | Noticed Robin
  3558 | D:4      | Killed Robin
  3559 | D:4      | Reached XP level 6. HP: 47/47 MP: 6/6
  3594 | D:4      | Killed Blork the orc
  3737 | D:4      | Found a sparkling altar of Nemelex Xobeh.
  3824 | D:3      | Found an iron altar of Okawaru.
  3987 | D:3      | Became a worshipper of Xom the Capricious
  4639 | D:5      | Entered Level 5 of the Dungeon
  4643 | D:5      | Noticed an ice beast
  4648 | D:5      | Gained mutation: You have a tail ending in a sharp stinger.
                  | [demonic ancestry]
  4648 | D:5      | Reached XP level 7. HP: 52/54 MP: 7/7
  4656 | D:5      | XOM: potion effect (heal wounds)
  4684 | D:5      | Identified the +0 robe of Cheibriados's Favour {Will+
                  | Int+3}
  4746 | D:5      | Found a glowing drain.
  4753 | Sewer    | Entered a sewer
  4757 | Sewer    | XOM: divination: magic mapping
  5371 | Sewer    | XOM: god gift: runed halberd {god gift}
  5632 | D:5      | XOM: scenery: create altars
  5685 | D:5      | Noticed Sigmund
  5690 | D:5      | XOM: god gift: 3 scrolls labelled ROINNI MUEST {god gift}
  5691 | D:5      | Noticed Eustachio
  5705 | D:5      | XOM: cast spell 'Disjunction'
  5714 | D:5      | XOM: fog
  5717 | D:5      | Killed Sigmund
  5718 | D:5      | Reached skill level 1 in Evocations
  5725 | D:5      | Killed Eustachio
  5726 | D:5      | Reached skill level 5 in Fighting
  5726 | D:5      | Reached skill level 5 in Dodging
  5726 | D:5      | Reached XP level 8. HP: 33/62 MP: 8/8
  5753 | D:5      | XOM: god gift: 22 arrows
  6006 | D:5      | XOM: god gift: 48 gold pieces
  6122 | D:6      | XOM: fog
  6252 | D:6      | Found a blossoming altar of Fedhas.
  6255 | D:6      | Found a sacrificial altar of Ru.
  6258 | D:6      | Found a hide-covered altar of Uskayaw.
  6638 | D:6      | XOM: scenery: create altars
  6674 | D:6      | Reached skill level 5 in Throwing
  6717 | D:6      | XOM: fog
  7244 | D:6      | Gained mutation: You may rarely emit foul miasma when
                  | damaged in melee. [demonic ancestry]
  7244 | D:6      | Reached XP level 9. HP: 69/69 MP: 9/9
  7453 | D:6      | XOM: god gift: +0 cloak of poison resistance
  7689 | D:6      | XOM: draining
  7816 | D:7      | Found a staircase to the Ecumenical Temple.
  7846 | D:7      | Reached skill level 5 in Armour
  7983 | D:7      | Found a broken altar of Ashenzari.
  8129 | D:7      | Found a stormy altar of Qazlal.
  8150 | D:7      | XOM: summons 1 hostile demon
  8228 | D:7      | XOM: 4-stop teleportation journey
  8454 | D:7      | Identified the +5 hand axe "Vyudew" {vorpal, rPois rCorr
                  | Dex+4}
  8912 | D:7      | Found a burning altar of Makhleb.
  8963 | D:7      | XOM is BORED!
  8963 | D:7      | XOM: give mutations
  8963 | D:7      | Gained mutation: You are dopey. (Int -2) [Xom's mischief]
  8963 | D:7      | Gained mutation: You are very dopey. (Int -4) [Xom's
                  | mischief]
  9195 | D:8      | XOM: give mutations
  9195 | D:8      | Gained mutation: You occasionally shout uncontrollably at
                  | your foes. [Xom's mischief]
  9195 | D:8      | Gained mutation: You sometimes lose the ability to read
                  | scrolls when taking damage. [Xom's mischief]
  9241 | D:8      | XOM: give mutations
  9241 | D:8      | Gained mutation: Your body sometimes deteriorates upon
                  | taking damage. [Xom's mischief]
  9241 | D:8      | Gained mutation: Armour fits poorly on your strangely
                  | shaped body. [Xom's mischief]
  9241 | D:8      | Gained mutation: You are weak. (Str -2) [Xom's mischief]
  9322 | D:8      | Noticed an ice statue
  9340 | D:8      | Noticed Harold
  9341 | D:8      | XOM: noise
  9351 | D:8      | XOM: enchant monster (bad)
  9377 | D:8      | XOM: give mutations
  9377 | D:8      | Gained mutation: You are clumsy. (Dex -2) [Xom's mischief]
  9377 | D:8      | Gained mutation: You are very weak. (Str -4) [Xom's
                  | mischief]
  9377 | D:8      | Gained mutation: You are frail. (-10% HP) [Xom's mischief]
  9377 | D:8      | Gained mutation: You are very clumsy. (Dex -4) [Xom's
                  | mischief]
  9388 | D:8      | Slain by Harold

Illustrated notes

Levels and vault maps discovered:
D:1:      amcnicky_arrival_blooded_trapdoor, layout_loops_cross,
          grunt_decor_resistance, minmay_misc_feat_rows, nrook_mini_vaults
D:2:      layout_basic, basic_ecumenical_altar, uniq_crazy_yiuf_cottage
D:3:      layout_basic, nicolae_overflow_hidden_temple, serial_shops,
          nicolae_shop_hallway_plus, corner_web_ring,
          amcnicky_altar_lugonu_corruption
D:4:      layout_cave_pools, mainiacjoe_overflow_surrounded_room,
          kennysheep_nondescript, sigmund_army, uniq_blork_the_orc, uniq_robin
D:5:      layout_rooms, gup_sewer_entry_pipe, uniq_sigmund, uniq_eustachio
D:6:      layout_layer_cave, grunt_temple_overflow_cloverleaf,
          minmay_misc_feat_ornament
D:7:      layout_loops_ring, lightli_temple_of_fire, grunt_qazlal_sundering,
          lemuel_coloured_pillars_altar, minmay_temple_entry_trees
D:8:      minmay_statue_hallways, layout_basic, nicolae_gozag_zags_fifth_avenue,
          uniq_harold, uniq_maggie

Skill      XL: |  1  2  3  4  5  6  7  8  9 |
---------------+----------------------------+-----
Throwing       | 2 3 4 5 |  5.8
Dodging        | 3 4 5 6 |  6.2
Armour         | 1 2 3 4 5 |  5.4
Fighting       | 3 4 5 6 |  6.4
Evocations     | 1 3 4 |  4.1
Axes           | |  2.6
Maces & Flails | |  0.4

Action                   |  1- 3 |  4- 6 |  7- 9 || total
-------------------------+-------+-------+-------++-------
Melee: War axe           |   105 |       |       ||   105
       Tailslap          |    12 |    12 |    56 ||    80
       Quarterstaff      |       |   137 |    16 ||   153
       Whip              |       |       |   376 ||   376
Throw: Throwing net      |     1 |       |     1 ||     2
       Boomerang         |       |     5 |       ||     5
       Dart              |       |     2 |     3 ||     5
  Use: Potion            |       |       |     2 ||     2
       Scroll            |       |       |     1 ||     1
 Stab: Held in net/web   |     3 |       |       ||     3
       Paralysed         |       |     1 |       ||     1
       Invisible         |       |       |     3 ||     3
Armor: Leather armour    |     3 |       |       ||     3
       Ring mail         |    41 |    77 |   176 ||   294
Dodge: Dodged            |    71 |   134 |   312 ||   517

Table legend: (Time is in decaauts)
 A = Elapsed time spent in this place.
 B = Non-inter-level travel time spent in this place.
 C = Inter-level travel time spent in this place.
 D = Time resting spent in this place.
 E = Time spent auto-exploring this place.
 F = Levels seen in this place.
 G = Mean time per level.
                   A        B        C        D        E       F      G
               +--------+--------+--------+--------+--------+-----+--------+
         Total |   9667 |   9443 |    224 |    548 |   7240 |   9 | 1074.1 |
       Dungeon |   8655 |   8431 |    224 |    548 |   6471 |   8 | 1081.9 |
         Sewer |   1012 |   1012 |      0 |      0 |    769 |   1 | 1012.0 |
               +--------+--------+--------+--------+--------+-----+--------+

Top non-repeatable levels by time:
     D:6: 1723 daAuts
     D:3: 1572 daAuts
     D:7: 1236 daAuts
     D:2: 1095 daAuts
     D:1: 1058 daAuts
   Sewer: 1012 daAuts
     D:4: 997 daAuts
     D:5: 631 daAuts
     D:8: 340 daAuts
